[Event "*** Titled Tuesday Blitz"]
[Site "Chess.com"]
[Date "2018.10.02"]
[Round "6"]
[White "GMBenjaminFinegold"]
[Black "Gubajdullin"]
[Result "0-1"]
[WhiteElo "2302"]
[BlackElo "2391"]
[TimeControl "180+2"]
[EndTime "14:24:51 PDT"]
[Termination "Gubajdullin won by resignation"]

1. d4 g6 2. c4 Bg7 3. e4 d6 4.
Nc3 Nc6 5. Be3 e5 6. d5 Nd4 7. Nge2 Nxe2 8. Bxe2 Ne7 9. c5 O-O 10. cxd6 cxd6 11. Rc1 f5 12. f3 f4 13. Bf2 Bd7 14. O-O a6 15. Qb3 b5 16. a4 Qa5 17.
axb5 axb5 18. Nb1 b4 19. Nd2 Ba4 20. Qd3 Qd8 21. b3 Bd7 22. Ra1 Ra3 23. Rxa3 bxa3 24.
Ra1 Qa8 25. b4 a2 26. Qb3 Rc8 27. Bf1 Qb8 28. b5 Nf5 29. exf5 e4 30. Nxe4 Bxa1 31. Qxa2 Be5 32. fxg6 Rc1 33. gxh7+ Kh8 34. Qd2 Ra1 35. g4 Qxb5 36. Be1 Qb6+ 37. Kg2 Qb1 38. Bd3 Qxe1 39. Qxe1 Rxe1 40. Ng5 Be8 41. h4 Bf6 42. Ne4 Bg6 43.
g5 Bxe4 44. Bxe4 Bd4 45. Kh3 Rg1 46. Kh2 Rg3 47. h5 Rxg5 48. Kh3 Rxh5+ 49. Kg4 Rh2 50. Kxf4 Kg7 51. Kg4 Rh6 52. Kg5 Be3+ 53. Kg4 Rh1 54.
Kf5 Kxh7 55. Ke6+ Kg7 56. Kxd6 Bf4+ 57. Ke6 Rd1 58. Kf5 Bh2 59. Ke6 Kf8 60. Bf5 Ke8 61. Bg6+ Kd8 62. Be4 Kc7 63. Bf5 Ra1 64. Be4 Ra6+ 65. Kf5 Kd6 66. Kf6 Ra8 67. Kf7 Be5 68.
Bf5 Ra7+ 69. Kg6 Rg7+ 70. Kh6 Rg3 71. Be4 Ke7 72. Kh5 Kf6 73. d6 Bxd6 74. Kh4 Rg1 75. Bd5 Ke5 76. Be4 Kf4 77. Kh5 Bf8 78. Ba8 Rg5+ 79. Kh4 Be7 80. Kh3 Rg3+ 81. Kh2 Rg8 82. Be4 Ke3 83. Bd5 Rg7 84. Kh3 Kf2 85. Be4 Rg3+ 86.
Kh2 Bd6 87. f4 Bxf4 0-1

[Event "*** Titled Tuesday Blitz"]
[Site "Chess.com"]
[Date "2018.10.02"]
[Round "7"]
[White "Zarikovs1999"]
[Black "Blagorod"]
[Result "1/2-1/2"]
[WhiteElo "2188"]
[BlackElo "2052"]
[TimeControl "180+2"]
[EndTime "14:26:37 PDT"]
[Termination "Game drawn by agreement"]

1. Nf3 Nc6 2. d4 d5 3. c4 Bg4 4. cxd5 Bxf3 5. gxf3 Qxd5 6. e3 e5 7. Nc3 Bb4 8. Bd2 Bxc3 9. bxc3 Qd6 10. Rb1 b6 11.
Bb5 Ne7 12. Qe2 O-O 13. O-O 1/2-1/2

[Event "*** Titled Tuesday Blitz"]
[Site "Chess.com"]
[Date "2018.10.02"]
[Round "7"]
[White "FMJoseHerrera"]
[Black "MatthewG-p4p"]
[Result "1-0"]
[WhiteElo "2525"]
[BlackElo "2646"]
[TimeControl "180+2"]
[EndTime "14:26:53 PDT"]
[Termination "FMJoseHerrera won by resignation"]

1. Nf3 c5 2. g3 g6 3. Bg2 Bg7 4. d3 Nc6 5. Nc3 d5 6. h4 h5 7. e4 Nf6 8. Bg5 d4 9. Ne2 Bg4 10. Qd2 Qb6 11. O-O Rd8 12. a4 Qc7 13. a5 Nxa5 14. Qxa5 1-0

[Event "*** Titled Tuesday Blitz"]
[Site "Chess.com"]
[Date "2018.10.02"]
[Round "7"]
[White "nochewycandy"]
[Black "tteshan"]
[Result "1-0"]
[WhiteElo "2166"]
[BlackElo "2026"]
[TimeControl "180+2"]
[EndTime "14:27:11 PDT"]
[Termination "nochewycandy won by resignation"]

1. e4 c5 2. Nf3 e6 3. b3 Nc6 4.
Bb5 Nge7 5. O-O a6 6. Bxc6 Nxc6 7. Bb2 f6 8. d4 cxd4 9. Nxd4 Bc5 10. Qh5+ g6 11.
Qxc5 b6 12. Nxc6 bxc5 13. Nxd8 1-0

[Event "*** Titled Tuesday Blitz"]
[Site "Chess.com"]
[Date "2018.10.02"]
[Round "7"]
[White "akretchetov"]
[Black "Perecke"]
[Result "1-0"]
[WhiteElo "2287"]
[BlackElo "1982"]
[TimeControl "180+2"]
[EndTime "14:27:27 PDT"]
[Termination "akretchetov won by resignation"]

1. d4 d5 2. c4 e6 3. Nc3 Nf6 4. cxd5 exd5 5. Bg5 Be7 6. e3 O-O 7. Qc2 h6 8. Bh4 Re8 9. Bd3 c6 10. Nge2 Ne4 11. Bxe7 Qxe7 12. Bxe4 dxe4 13. O-O f5 14. Ng3 Be6 15. f3 Bc4 16. Rf2 f4 17. Ncxe4 fxe3 18. Qxc4+ 1-0

[Event "*** Titled Tuesday Blitz"]
[Site "Chess.com"]
[Date "2018.10.02"]
[Round "7"]
[White "Godzillator"]
[Black "GMBenjaminFinegold"]
[Result "0-1"]
[WhiteElo "2258"]
[BlackElo "2309"]
[TimeControl "180+2"]
[EndTime "14:27:45 PDT"]
[Termination "GMBenjaminFinegold won by resignation"]

1. d4 Nf6 2. c4 c5 3. d5 e5 4. Nc3 d6 5. e4 Be7 6. Bd3 Nbd7 7. Nge2 Nf8 8. O-O Ng6 9. g3 h5 10. f3 h4 11. Rf2 Bd7 12. a3 a6 13. b4 b6 14.
bxc5 bxc5 15. Rb1 Nh7 16. Na4 Ng5 17. Nb6 Nh3+ 18. Kf1 Nxf2 19. Kxf2 hxg3+ 20. hxg3 Rb8 21. Nxd7 Rxb1 22. Bxb1 Qxd7 23. Bc2 Rh2+ 24. Kg1 Qh3 0-1

[Event "*** Titled Tuesday Blitz"]
[Site "Chess.com"]
[Date "2018.10.02"]
[Round "7"]
[White "Koksik_13"]
[Black "BilodeauA"]
[Result "0-1"]
[WhiteElo "2708"]
[BlackElo "2885"]
[TimeControl "180+2"]
[EndTime "14:29:32 PDT"]
[Termination "BilodeauA won by checkmate"]

1. Nf3 c5 2. g3 Nc6 3. Bg2 g6 4. O-O Bg7 5. c3 e5 6. d4 cxd4 7. cxd4 e4 8. Ne5 d5 9. Nxc6 bxc6 10. Nc3 h5 11. h4 Ne7 12. Bg5 O-O 13. Qd2 Bg4 14. Bh6 Bxh6 15. Qxh6 Nf5 16. Qd2 e3 17. fxe3 Nxg3 18. Rf4 Qxh4 19. Qe1 Rae8 20. Qf2 f5 21. Bf1 Qh1# 0-1

[Event "*** Titled Tuesday Blitz"]
[Site "Chess.com"]
[Date "2018.10.02"]
[Round "7"]
[White "petrpalachev"]
[Black "Zhuu96"]
[Result "1-0"]
[WhiteElo "2790"]
[BlackElo "2877"]
[TimeControl "180+2"]
[EndTime "14:30:07 PDT"]
[Termination "petrpalachev won by resignation"]

1. d4 Nf6 2. Nf3 g6 3. Nbd2 d5 4. e3 Bg7 5. b4 O-O 6. c4 dxc4 7. Nxc4 b6 8. Bb2 Bb7 9. Be2 Nbd7 10. O-O Ne4 11.
Nfd2 Nd6 12. Bf3 Bxf3 13. Qxf3 a5 14. bxa5 Nxc4 15. Nxc4 b5 16. Ne5 Nxe5 17. dxe5 Rxa5 18. Rfc1 b4 19. Qc6 e6 20. Qxc7 Qxc7 21. Rxc7 Rfa8 22.
Rb7 Bf8 23. Bd4 Rxa2 24. Rxa2 Rxa2 25. g4 h5 26. g5 h4 27. h3 Kg7 28. Kg2 Ra1 29.
Bxa1 1-0

[Event "*** Titled Tuesday Blitz"]
[Site "Chess.com"]
[Date "2018.10.02"]
[Round "7"]
[White "RichardABates"]
[Black "luizzy"]
[Result "0-1"]
[WhiteElo "2300"]
[BlackElo "2402"]
[TimeControl "180+2"]
[EndTime "14:30:13 PDT"]
[Termination "luizzy won by resignation"]

1. d4 d5 2. c4 e6 3. Nf3 Nf6 4. g3 c6 5. Bg2 Bd6 6. O-O O-O 7.
Qc2 Nbd7 8. Nbd2 Qc7 9. e4 dxe4 10. Ng5 c5 11. Ndxe4 Nxe4 12. Bxe4 h6 13. Bh7+ Kh8 14.
dxc5 Bxc5 15. Bf4 e5 16. Bg8 Nf6 17. Bxe5 Qxe5 18. Nxf7+ Rxf7 19. Bxf7 Bf5 20. Qb3 Be4 21. Rae1 Qf5 22. Bd5 Nxd5 23. cxd5 Bxd5 24. Qc3 Qh3 0-1

[Event "*** Titled Tuesday Blitz"]
[Site "Chess.com"]
[Date "2018.10.02"]
[Round "7"]
[White "HouseOfDurin"]
[Black "Caterpiller35"]
[Result "0-1"]
[WhiteElo "1781"]
[BlackElo "2311"]
[TimeControl "180+2"]
[EndTime "14:30:28 PDT"]
[Termination "Caterpiller35 won by resignation"]

1. d4 Nf6 2. Bg5 c5 3. Bxf6 gxf6 4. dxc5 Qa5+ 5. Qd2 Qxc5 6. g3 Nc6 7. Bg2 f5 8.
c3 d6 9. Nf3 b5 10. Nd4 Bb7 11.
O-O e6 12. Rd1 h5 13. h4 O-O-O 14. Nxc6 Bxc6 15. Bxc6 Qxc6 16. Qd4 Rg8 17. Qxa7 d5 18. Qxf7 Bc5 19. e3 Rdf8 20. Qxh5 f4 21. b4 fxg3 22. bxc5 gxf2+ 23. Kh2 Qc7+ 24. Kh1 f1=Q+ 0-1

[Event "*** Titled Tuesday Blitz"]
[Site "Chess.com"]
[Date "2018.10.02"]
[Round "7"]
[White "BillForster"]
[Black "Nathan_Filgueiras"]
[Result "0-1"]
[WhiteElo "1691"]
[BlackElo "2182"]
[TimeControl "180+2"]
[EndTime "14:30:30 PDT"]
[Termination "Nathan_Filgueiras won by resignation"]

1. d4 Nf6 2. c4 e6 3. Nc3 Bb4 4. e3 O-O 5. Ne2 c6 6. a3 Ba5 7. g3 d5 8. cxd5 exd5 9. Bg2 Bf5 10. O-O h5 11. Nf4 h4 12. Qe2 Bc7 13. Nd3 Ne4 14.
Nxe4 dxe4 15. Nc5 Qe7 16. Bd2 b6 17. Nb3 Nd7 18. Bb4 c5 19. dxc5 bxc5 20. Bc3 Ne5 21. Nd2 Nd3 22. Nxe4 Bxe4 23. Bxe4 Qxe4 24. f3 Qg6 25. e4 Nf4 0-1

[Event "*** Titled Tuesday Blitz"]
[Site "Chess.com"]
[Date "2018.10.02"]
[Round "7"]
[White "Eliwood44"]
[Black "Saitama_Hero"]
[Result "0-1"]
[WhiteElo "2166"]
[BlackElo "2244"]
[TimeControl "180+2"]
[EndTime "14:30:41 PDT"]
[Termination "Saitama_Hero won by resignation"]

1. d4 Nf6 2. Nf3 g6 3. Nc3 Bg7 4. e4 d6 5. h3 O-O 6. Be3 c6 7. a4 Qa5 8. Bd3 e5 9. dxe5 dxe5 10. O-O Na6 11. Bd2 Qc7 12. Bxa6 bxa6 13. a5 Be6 14. Qe2 Qb7 15. Rab1 Nd7 16. Ng5 Rfe8 17.
Nxe6 Rxe6 18. b3 Bf8 19. Rfd1 Bc5 20. Na4 Be7 21. Be3 Rf8 22. f3 f5 23. Qc4 Rf6 24.
Rxd7 Qxd7 25. Bc5 Kg7 26. Bxe7 Rxe7 27. Nc5 Qd4+ 28. Qxd4 exd4 29. exf5 Rxf5 30. Nxa6 Rxa5 31. Nb4 Rc5 32. Rd1 a5 0-1

[Event "*** Titled Tuesday Blitz"]
[Site "Chess.com"]
[Date "2018.10.02"]
[Round "7"]
[White "sergeikim"]
[Black "Synctel"]
[Result "1-0"]
[WhiteElo "2428"]
[BlackElo "1990"]
[TimeControl "180+2"]
[EndTime "14:30:54 PDT"]
[Termination "sergeikim won on time"]

1. d4 Nf6 2. c4 e6 3. Nc3 Bb4 4. Qc2 Nc6 5. Nf3 O-O 6. a3 Bxc3+ 7. Qxc3 d5 8. g3 Ne4 9. Qc2 Qf6 10. Be3 g5 11. h3 h5 12. Rd1 Bd7 13. b4 a6 14.
Bg2 Kg7 15. h4 g4 16. Ng5 Nxg5 17. hxg5 Qg6 18. Qxg6+ fxg6 19. cxd5 exd5 20. Bxd5 Rad8 21. Bg2 1-0

[Event "*** Titled Tuesday Blitz"]
[Site "Chess.com"]
[Date "2018.10.02"]
[Round "7"]
[White "Aklanion"]
[Black "KRASAVCHIK2002"]
[Result "1-0"]
[WhiteElo "2193"]
[BlackElo "2284"]
[TimeControl "180+2"]
[EndTime "14:31:08 PDT"]
[Termination "Aklanion won by checkmate"]

1. d4 Nf6 2. Nf3 c5 3. g3 cxd4 4. Nxd4 e5 5. Nf3 Nc6 6. c4 d5 7. cxd5 Qxd5 8. Qxd5 Nxd5 9. Bg2 e4 10. Nfd2 f5 11. Nc3 Nxc3 12. bxc3 Be6 13. f3 exf3 14. Nxf3 Bc5 15. Ng5 Bc4 16. Rf1 O-O 17. Rf4 Ba6 18.
Bd5+ Kh8 19. Nf7+ Kg8 20. Ne5+ Kh8 21. Ng6+ hxg6 22. Rh4# 1-0

[Event "*** Titled Tuesday Blitz"]
[Site "Chess.com"]
[Date "2018.10.02"]
[Round "7"]
[White "Bauxi435"]
[Black "TrimitziosP7"]
[Result "0-1"]
[WhiteElo "2432"]
[BlackElo "2575"]
[TimeControl "180+2"]
[EndTime "14:31:23 PDT"]
[Termination "TrimitziosP7 won by resignation"]

1. d4 Nf6 2. c4 g6 3. Nc3 Bg7 4. e4 d6 5. Be2 O-O 6. Be3 e5 7.
d5 a5 8. g4 Na6 9. g5 Nd7 10.
h4 Ndc5 11. h5 Re8 12. hxg6 fxg6 13. Qd2 Nb4 14. O-O-O Nxa2+ 15. Kc2 Nb4+ 16. Kb1 Nb3 17.
Qe1 b6 18. f3 a4 19. Nb5 Na6 20. Qh4 Kf7 21. Nh3 Bd7 22. Na3 Nac5 23. Rdf1 Nd4 24. Bd1 h5 25. f4 Kg8 26. Bxh5 gxh5 27. Qxh5 Nxe4 28. fxe5 Nf5 29. g6 Rxe5 30. Bd4 Nf6 31. Qd1 Nxd4 32. Qxd4 Qe7 33. Ng5 Rxg5 34. Qh4 Qe4+ 0-1

[Event "*** Titled Tuesday Blitz"]
[Site "Chess.com"]
[Date "2018.10.02"]
[Round "7"]
[White "ChessicallyInclined"]
[Black "Buffy7"]
[Result "0-1"]
[WhiteElo "2418"]
[BlackElo "2646"]
[TimeControl "180+2"]
[EndTime "14:31:30 PDT"]
[Termination "Buffy7 won by resignation"]

1. e4 c5 2. Nf3 d6 3. d4 cxd4 4. Nxd4 Nf6 5. Nc3 Nc6 6. Bc4 e6 7. Be3 a6 8. Qe2 Nxd4 9. Bxd4 b5 10. Bb3 Bb7 11. O-O Be7 12. f4 b4 13. Ba4+ Kf8 14. Nd5 exd5 15. e5 Ne4 16. Kh1 h5 17. Qd3 Rc8 18. Rae1 Rh6 19. Qh3 Rc4 20. Rd1 Bc8 21.
Qe3 Bg4 22. Bb6 Qb8 23. Rxd5 dxe5 24. fxe5 Qxb6 25. Qd3 Rc8 26. Qxe4 Be6 27. Bd7 Rb8 28. Rdd1 Kg8 29. Ba4 Rg6 30. Bb3 h4 31. Bxe6 Qxe6 0-1

[Event "*** Titled Tuesday Blitz"]
[Site "Chess.com"]
[Date "2018.10.02"]
[Round "7"]
[White "Alex_Terzi"]
[Black "Benek77"]
[Result "0-1"]
[WhiteElo "2464"]
[BlackElo "2607"]
[TimeControl "180+2"]
[EndTime "14:31:35 PDT"]
[Termination "Benek77 won by resignation"]

1. e4 c5 2. Nf3 e6 3. d4 cxd4 4. Nxd4 Bc5 5. Nb3 Bb6 6. Nc3 Ne7 7. Be2 O-O 8. O-O f5 9. exf5 Nxf5 10. Nb5 d5 11. c4 Nc6 12. c5 Bc7 13. Nxc7 Qxc7 14. Re1 a5 15. a4 Nh4 16. Bd3 Qf7 17. Re2 e5 18. Bg5 Nxg2 19. Rd2 Nf4 20. Bxf4 Qxf4 21.
Bf1 e4 22. Re2 Bg4 23. Qxd5+ Kh8 24. Rd2 Bf3 25. h3 Rf5 26. Qd6 Rg5+ 0-1

[Event "*** Titled Tuesday Blitz"]
[Site "Chess.com"]
[Date "2018.10.02"]
[Round "7"]
[White "kleinebeer98"]
[Black "bascheyaro"]
[Result "1-0"]
[WhiteElo "2570"]
[BlackElo "2689"]
[TimeControl "180+2"]
[EndTime "14:31:40 PDT"]
[Termination "kleinebeer98 won on time"]

1. e4 e6 2. d4 d5 3. Bd3 dxe4 4. Bxe4 Nf6 5. Bf3 c5 6. Ne2 Nc6 7. Be3 Qb6 8. Nbc3 Bd7 9. O-O cxd4 10. Nxd4 Nxd4 11. Bxd4 Bc5 12. Bxc5 Qxc5 13. Bxb7 Rb8 14. Ne4 Nxe4 15. Bxe4 Rxb2 16. Qd3 Bb5 17. c4 Qxc4 18. Qd6 Qxe4 19. Rfd1 Qa8 20. Rac1 Bd3 21. Rxd3 Rb7 22.
Rdc3 1-0

[Event "*** Titled Tuesday Blitz"]
[Site "Chess.com"]
[Date "2018.10.02"]
[Round "7"]
[White "biostatistician"]
[Black "nearestway"]
[Result "1-0"]
[WhiteElo "2577"]
[BlackElo "2529"]
[TimeControl "180+2"]
[EndTime "14:31:56 PDT"]
[Termination "biostatistician won by resignation"]

1. d4 d5 2. Nf3 Nf6 3. c4 e6 4. Bg5 Be7 5. e3 O-O 6. Nc3 Nbd7 7. Rc1 c5 8. dxc5 dxc4 9. c6 bxc6 10. Bxc4 Qc7 11.
O-O a5 12. Qe2 a4 13. Rfd1 Nb6 14. Bf4 Qa7 15. Ne5 Bb7 16. Bd3 Nbd5 17. Bg3 a3 18. b3 Nxc3 19. Rxc3 Nd5 20. Rc4 Qa5 21. Bh4 Nc3 22.
Bxh7+ Kxh7 23. Qh5+ Kg8 24. Bxe7 Nxd1 25. b4 g6 26. Rg4 Qc7 27. Bf6 1-0

[Event "*** Titled Tuesday Blitz"]
[Site "Chess.com"]
[Date "2018.10.02"]
[Round "7"]
[White "Rashad_Zeynalli"]
[Black "WPWPWP-2015"]
[Result "1-0"]
[WhiteElo "2331"]
[BlackElo "2264"]
[TimeControl "180+2"]
[EndTime "14:31:58 PDT"]
[Termination "Rashad_Zeynalli won by resignation"]

1. e4 e5 2. Nf3 Nc6 3. Bb5 Nf6 4. O-O Nxe4 5. d4 Nd6 6. Bxc6 dxc6 7. dxe5 Nf5 8. Qxd8+ Kxd8 9. Nc3 Ke8 10. h3 h6 11.
Bf4 Ne7 12. Nd4 Ng6 13. Bh2 a6 14. f4 c5 15. Nd5 Kd8 16. Nf3 Bf5 17. Rad1 Kc8 18.
Rd2 h5 19. Ng5 c4 20. Nxf7 Bc5+ 21. Kh1 Rf8 22. Ng5 c6 23. Nc3 Be3 24. Re2 Bd4 25. Nce4 Kc7 26. Nd6 b5 27. Nxf5 Bxb2 28. Ne6+ Kb6 29.
Nxf8 Rxf8 30. Nxg7 Bxe5 31. f5 Bxg7 32. g4 hxg4 33.
hxg4 Nh4 34. Bg3 Bf6 35. Re6 Bg5 36. f6 Kc5 37. Re5+ Kd4 38. Rxg5 Rg8 39. Rxg8 1-0

[Event "*** Titled Tuesday Blitz"]
[Site "Chess.com"]
[Date "2018.10.02"]
[Round "7"]
[White "hurricane7791"]
[Black "Last7Samurai"]
[Result "1-0"]
[WhiteElo "2702"]
[BlackElo "2733"]
[TimeControl "180+2"]
[EndTime "14:32:04 PDT"]
[Termination "hurricane7791 won by resignation"]

1. d4 f5 2. c4 Nf6 3. Nc3 d6 4. Bg5 Nbd7 5. Qc2 g6 6. O-O-O Bg7 7. h4 h6 8. Bf4 c6 9. e4 fxe4 10. Nxe4 Nxe4 11. Qxe4 O-O 12. Bg3 Qa5 13. a3 Nf6 14. Qc2 Bf5 15. Bd3 Bxd3 16. Qxd3 b5 17.
Nf3 bxc4 18. Qxc4+ Nd5 19. Rhe1 Kh7 20. Re6 Rab8 21.
Qc2 Rf6 22. Rde1 c5 23. Rxf6 Nxf6 24. Rxe7 cxd4 25. Nxd4 Nh5 26. Nc6 Qb5 27. Nxb8 Qf1+ 28. Qd1 Qc4+ 29. Kb1 Qb5 30. Rxg7+ Nxg7 31. Bxd6 Nf5 32.
Bf4 Ng7 33. g4 h5 34. Nd7 hxg4 35. Nf6+ Kh8 36. Qd8+ 1-0

[Event "*** Titled Tuesday Blitz"]
[Site "Chess.com"]
[Date "2018.10.02"]
[Round "7"]
[White "StoreySniper"]
[Black "ChristopherYoo"]
[Result "0-1"]
[WhiteElo "2411"]
[BlackElo "2360"]
[TimeControl "180+2"]
[EndTime "14:32:08 PDT"]
[Termination "ChristopherYoo won by resignation"]

1. c4 Nf6 2. g3 g6 3. Bg2 Bg7 4. Nc3 O-O 5. d3 d6 6. h4 h5 7.
Nh3 c5 8. Ng5 Nc6 9. Bd2 Bd7 10.
a3 Qc8 11. Rb1 Nd4 12. b4 Bc6 13. f3 b6 14. e3 Ne6 15. Nce4 Nxe4 16. dxe4 Nxg5 17.
hxg5 Qe6 18. Qb3 b5 19. cxb5 Qxb3 20. Rxb3 c4 21. bxc6 cxb3 22. b5 Rab8 23. a4 a6 24.
c7 Rb7 25. Ke2 axb5 26. Rc1 Rc8 27. Ba5 b2 28. Rb1 bxa4 29. Bh3 e6 0-1

[Event "*** Titled Tuesday Blitz"]
[Site "Chess.com"]
[Date "2018.10.02"]
[Round "7"]
[White "ddtru"]
[Black "lucasmito"]
[Result "0-1"]
[WhiteElo "2230"]
[BlackElo "2376"]
[TimeControl "180+2"]
[EndTime "14:32:10 PDT"]
[Termination "lucasmito won by resignation"]

1. d4 Nf6 2. Nf3 g6 3. c4 Bg7 4. g3 O-O 5. Bg2 d5 6. cxd5 Nxd5 7. Nc3 Nxc3 8. bxc3 c5 9. O-O Nc6 10. Be3 Be6 11. Qa4 Bd5 12. Rfd1 cxd4 13. cxd4 a6 14.
Rac1 b5 15. Qa3 e6 16. Bg5 f6 17. Bf4 Re8 18. Bd6 Qd7 19. h4 Na5 20. Rc7 Qd8 21.
Qxa5 Qxd6 22. Rdc1 Bc4 23. e4 Rac8 24. e5 Qxc7 25. Qxa6 Ra8 0-1

[Event "*** Titled Tuesday Blitz"]
[Site "Chess.com"]
[Date "2018.10.02"]
[Round "7"]
[White "AliKa2810"]
[Black "Vamostodorecto"]
[Result "1-0"]
[WhiteElo "2482"]
[BlackElo "2409"]
[TimeControl "180+2"]
[EndTime "14:32:11 PDT"]
[Termination "AliKa2810 won by checkmate"]

1. e4 e5 2. Nf3 Nc6 3. Bb5 a6 4.
Ba4 Nf6 5. O-O b5 6. Bb3 Bb7 7. c3 Nxe4 8. d4 exd4 9. Re1 d5 10. cxd4 Be7 11. Nbd2 O-O 12. Bxd5 Nxf2 13. Qb3 Na5 14. Qe3 Ng4 15. Qxe7 Qxd5 16. Qxc7 Rae8 17. Rxe8 Rxe8 18. Qxa5 Re1+ 19. Nf1 Re2 20. Qc3 Qe4 21. Ng3 Qe6 22.
Nxe2 Qxe2 23. Bf4 Qf2+ 24. Kh1 Bxf3 25. Qc8# 1-0

[Event "*** Titled Tuesday Blitz"]
[Site "Chess.com"]
[Date "2018.10.02"]
[Round "7"]
[White "cool4chess"]
[Black "mishanick"]
[Result "0-1"]
[WhiteElo "2191"]
[BlackElo "2850"]
[TimeControl "180+2"]
[EndTime "14:32:17 PDT"]
[Termination "mishanick won on time"]

1. e4 c5 2. Nf3 d6 3. d4 cxd4 4.
Nxd4 Nf6 5. Nc3 a6 6. Qe2 e5 7. Nf5 Be6 8. Bg5 Nbd7 9. O-O-O h6 10. Bh4 Qb6 11. f4 Rc8 12. Bf2 Qa5 13. Be1 exf4 14. Nxd6+ Bxd6 15. Rxd6 Qe5 16. Rd3 Nc5 17. Rf3 Nfxe4 18.
Nxe4 Nxe4 19. Bc3 Rxc3 20. Rxc3 O-O 21. Ra3 Rc8 22. Qe1 Qd5 23. Bd3 Nc5 24. Be2 Bf5 25.
Bf3 Nd3+ 26. Rxd3 Qxd3 0-1

[Event "*** Titled Tuesday Blitz"]
[Site "Chess.com"]
[Date "2018.10.02"]
[Round "7"]
[White "PowerThinking2650"]
[Black "alishersuleymenov"]
[Result "0-1"]
[WhiteElo "2333"]
[BlackElo "2482"]
[TimeControl "180+2"]
[EndTime "14:32:17 PDT"]
[Termination "alishersuleymenov won by resignation"]

1. e4 c5 2. Nf3 Nc6 3. d4 cxd4 4. Nxd4 Nf6 5. Nc3 d6 6. Bc4 e6 7. Be3 Be7 8. Qe2 a6 9. O-O-O O-O 10. Rhg1 Qe8 11.
g4 b5 12. Bd3 b4 13. Nb1 Nxd4 14. Bxd4 e5 15. Be3 Be6 16. g5 Nd7 17. f4 exf4 18. Bxf4 Ne5 19. Nd2 Qa4 20. Bxe5 dxe5 21. Bc4 Rfc8 22.
Kb1 a5 23. h4 Qc6 24. Bd3 a4 25. h5 Bxa2+ 26. Kxa2 b3+ 27. Ka1 a3 28. Nxb3 axb2+ 29.
Kxb2 Qc3+ 30. Kb1 Ba3 0-1

[Event "*** Titled Tuesday Blitz"]
[Site "Chess.com"]
[Date "2018.10.02"]
[Round "7"]
[White "Cryptinz"]
[Black "Sychev_Klementy"]
[Result "0-1"]
[WhiteElo "2370"]
[BlackElo "2693"]
[TimeControl "180+2"]
[EndTime "14:32:20 PDT"]
[Termination "Sychev_Klementy won by resignation"]

1. e4 g6 2. d4 Bg7 3. Be3 d6 4. f4 a6 5. Nf3 b5 6. a4 Bb7 7. Nbd2 b4 8. c4 Nf6 9. Bd3 Ng4 10. Qe2 Nxe3 11. Qxe3 Nd7 12. e5 c5 13. e6 fxe6 14. Qxe6 Nf6 15. Ng5 Nh5 16. dxc5 Rf8 17. O-O-O Nxf4 18. Qe3 dxc5 19. Ndf3 Bd4 20. Nxd4 cxd4 21. Qd2 e5 22.
Rhe1 Qxg5 23. Kb1 O-O-O 24. Qxb4 Nxd3 25. Rxd3 Qf5 26. Qa3 Be4 27. Qc5+ Kd7 28. Ka2 Bxd3 29. Rxe5 Bxc4+ 30. Ka3 Qd3+ 31. Kb4 Rb8+ 32. Ka5 Qd2+ 33. b4 Qxb4+ 34. Qxb4 Rxb4 35. Kxb4 Be6 36. Re4 Rb8+ 37. Ka5 Rb2 38. Rxd4+ Ke7 39. Rh4 h5 40. g3 Bg4 41.
Kxa6 g5 0-1

[Event "*** Titled Tuesday Blitz"]
[Site "Chess.com"]
[Date "2018.10.02"]
[Round "7"]
[White "SantoBlue"]
[Black "Gabrielian_Artur"]
[Result "1-0"]
[WhiteElo "2815"]
[BlackElo "2684"]
[TimeControl "180+2"]
[EndTime "14:32:23 PDT"]
[Termination "SantoBlue won by resignation"]

1. e4 c5 2. Nf3 d6 3. d4 cxd4 4. Nxd4 Nf6 5. Nc3 Nc6 6. Bg5 e6 7. Qd2 a6 8. O-O-O Bd7 9. f4 Be7 10. Nxc6 Bxc6 11. Qe1 h6 12. Bxf6 Bxf6 13. e5 Be7 14. Bd3 dxe5 15. fxe5 Qc7 16. Kb1 Rd8 17. h4 O-O 18. Rf1 Kh8 19. g4 Rd4 20. g5 hxg5 21.
hxg5 Bxg5 22. Qg3 Bh6 23. Rf2 f5 24. Ne2 Rd5 25. Rh2 Qxe5 26. Nf4 Rf6 27. Rg1 Rd7 28.
Ng6+ Rxg6 29. Rxh6+ gxh6 30. Qxe5+ Rdg7 31. Rxg6 1-0

[Event "*** Titled Tuesday Blitz"]
[Site "Chess.com"]
[Date "2018.10.02"]
[Round "7"]
[White "DanielNaroditsky"]
[Black "PaulfromSPb"]
[Result "1-0"]
[WhiteElo "2964"]
[BlackElo "2513"]
[TimeControl "180+2"]
[EndTime "14:32:24 PDT"]
[Termination "DanielNaroditsky won by resignation"]

1. e4 c5 2. Nf3 d6 3. d4 cxd4 4. Nxd4 Nf6 5. Nc3 a6 6. h4 e5 7. Nb3 Be6 8. f4 exf4 9. Bxf4 Nc6 10. Qd2 Be7 11. O-O-O Ne5 12. Be2 Rc8 13. Kb1 O-O 14.
g4 Nfxg4 15. Rhg1 Kh8 16. Nd4 Nf6 17. Nxe6 fxe6 18. Bxe5 dxe5 19. Qg5 Nh5 20. Rxd8 Bxg5 21. Rxc8 Rxc8 22. hxg5 Nf4 23. Rd1 h5 24. gxh6 gxh6 25.
Bf3 b5 26. a3 Kg7 27. Rd6 Ra8 28. Ne2 Kf6 29. Nxf4 exf4 30. e5+ Kxe5 31. Rxe6+ Kxe6 32. Bxa8 Kf5 33. Kc1 Kg4 34. Kd2 Kg3 35. Ke2 h5 36. b3 Kg4 37. Bf3+ Kg5 38. c4 bxc4 39. bxc4 h4 40. c5 Kf6 41. c6 Ke7 42. Kf2 h3 43. Kg1 1-0

[Event "*** Titled Tuesday Blitz"]
[Site "Chess.com"]
[Date "2018.10.02"]
[Round "7"]
[White "ruvat"]
[Black "Kouzari"]
[Result "0-1"]
[WhiteElo "2299"]
[BlackElo "2480"]
[TimeControl "180+2"]
[EndTime "14:32:31 PDT"]
[Termination "Kouzari won by resignation"]

1. d4 d5 2. c4 c6 3. Nf3 Nf6 4. Qc2 dxc4 5. Qxc4 Bf5 6. g3 e6 7. Bg2 Be7 8. O-O O-O 9. Qb3 Qb6 10. Nbd2 Ne4 11.
Nc4 Qa6 12. Bf4 Nd7 13. Rfe1 g5 14. Be3 f6 15. Nfd2 Nd6 16. Nxd6 Bxd6 17. Nc4 Bc7 18. Bd2 Bg6 19. e4 Bf7 20. Bb4 Rfd8 21. Be7 Re8 22. Bd6 b5 23. Bxc7 bxc4 24. Qc3 e5 25.
d5 Rac8 26. d6 Be6 27. Bf1 g4 28. b3 Nc5 29. Bxc4 Bxc4 30. Qxc4+ Qxc4 31. bxc4 Kf7 32. a4 Ke6 33. a5 Na6 34. Rab1 Nxc7 35. dxc7 Rxc7 36.
a6 Rd8 37. Red1 Rxd1+ 38. Rxd1 Rd7 39. Rxd7 Kxd7 40. c5 f5 41. exf5 e4 42. Kf1 Ke7 43.
Ke2 Kf6 44. Ke3 Kxf5 45. Kd4 h6 46. Kc4 Ke5 0-1

[Event "*** Titled Tuesday Blitz"]
[Site "Chess.com"]
[Date "2018.10.02"]
[Round "7"]
[White "MFBerna"]
[Black "robbykevlishvili"]
[Result "0-1"]
[WhiteElo "2422"]
[BlackElo "2686"]
[TimeControl "180+2"]
[EndTime "14:32:33 PDT"]
[Termination "robbykevlishvili won by resignation"]

1. e4 c5 2. Nf3 d6 3. d4 cxd4 4. Qxd4 a6 5. Nc3 Nc6 6. Qe3 Nf6 7. h3 g6 8. Be2 Bg7 9. O-O O-O 10. Rd1 Nd7 11.
Nd5 e6 12. Nf4 Qe7 13. Qd2 Nc5 14. Qxd6 Qxd6 15. Rxd6 Nxe4 16. Rd1 Rd8 17. Rxd8+ Nxd8 18. c3 Bd7 19. Be3 Bc6 20. Rd1 a5 21. Bb6 Bf6 22. Nd3 a4 23. a3 Bd5 24. Nde5 Nc6 25. c4 Nxe5 26. cxd5 exd5 27. Rxd5 Nc6 28. Bd3 Re8 29. Rb5 Nd6 30. Rd5 Nc8 31. Be3 Bxb2 32. Rb5 Bxa3 33. Rxb7 Nd6 34. Rb6 Na5 35. Ra6 Bb4 36. Bd2 Bxd2 37.
Nxd2 Nb3 38. Rxd6 Nxd2 39. Bb5 Re1+ 40. Kh2 Nf1+ 41. Kg1 Ng3+ 42. Kh2 Ne4 43. Rd8+ Kg7 44. Bxa4 Nxf2 45. Rd2 Rh1+ 0-1